 Dungeon Crawl Stone Soup version 0.20-a0-760-g49f5558 (webtiles) character file.

107 polly the Shield-Bearer (level 4, -1/29 HPs)
             Began as a Gargoyle Fighter on Feb 25, 2017.
             Slain by badtown's ghost (3 damage)
             ... on level 4 of the Dungeon.
             The game lasted 00:03:05 (2241 turns).

polly the Shield-Bearer (Gargoyle Fighter)          Turns: 2241, Time: 00:03:06

Health: -1/29      AC: 15    Str: 22 (24) XL:     4   Next: 85%
Magic:  4/4        EV:  5    Int:  7 (9)  God:
Gold:   146        SH:  9    Dex:  8 (10) Spells: 3/3 levels left

rFire    . . .     SeeInvis .   a - +0 flail
rCold    . . .     Gourm    .   q - +0 chain mail
rNeg     + . .     Faith    .   c - +0 shield
rPois    ∞         Spirit   .   (no helmet)
rElec    +         Reflect  .   (no cloak)
rCorr    .         Harm     .   (no gloves)
MR       .....                  p - +1 pair of boots
Stlth    ..........             (no amulet)
Regen    0.1/turn               (no ring)
MPRegen  0.1/turn               (no ring)

@: mighty
A: negative energy resistance 1, electricity resistance, unbreathing,
petrification resistance, rot immunity, AC +3
a: no special abilities


You were on level 4 of the Dungeon.
You were hungry.

You visited 1 branch of the dungeon, and saw 4 of its levels.

You collected 146 gold pieces.

Inventory:

Hand Weapons
 a - a +0 flail (weapon)
Armour
 c - a +0 shield (worn)
 p - a +1 pair of boots (worn)
 q - a +0 chain mail (worn)
Jewellery
 r - an uncursed ring of poison resistance {unknown}
Scrolls
 b - a scroll of amnesia {unknown}
 e - 2 scrolls of fear {unknown}
 g - a scroll of enchant armour {unknown}
 h - 3 scrolls of identify {unknown}
 l - a scroll of remove curse {unknown}
Potions
 i - a potion of resistance {unknown}
 k - 2 potions of haste {unknown}
 m - a potion of degeneration
 n - a potion of brilliance {unknown}
 o - a potion of agility {unknown}
Comestibles
 f - 3 bread rations
 j - 2 meat rations


   Skills:
 + Level 4.1 Fighting
 + Level 3.1 Maces & Flails
 + Level 3.5 Armour
 + Level 0.5 Dodging
 + Level 4.2 Shields


You had 3 spell levels left.
You didn't know any spells.

Dungeon Overview and Level Annotations

Branches:
Dungeon (4/15)
 Temple: D:4-7

Altars:
Dithmenos
Nemelex Xobeh

Annotations:
D:4 badtown's ghost, amateur OpNe


Innate Abilities, Weirdness & Mutations

You are resistant to torment.
Your stone body is resilient. (AC +3)
You are immune to poison.
You resist negative energy. (rN+)
You are resistant to electric shocks. (rElec)
You can survive without breathing.
You are immune to petrification.
You are immune to rotting.


Message History

Unknown command.
It was a potion of degeneration.
There was something very wrong with that liquid.
You feel weakened.
You feel dopey.
You feel clumsy.
Badtown's ghost hits you but does no damage.
You sock badtown's ghost!
Badtown's ghost is almost destroyed.
Badtown's ghost hits you but does no damage.
You hit badtown's ghost.
Badtown's ghost is almost destroyed.
Badtown's ghost says, "I need your bones for a spell of mine."
Badtown's ghost hits you but does no damage.
You miss badtown's ghost.
Badtown's ghost is almost destroyed.
Badtown's ghost barely misses you.
Badtown's ghost hits you but does no damage.
You barely miss badtown's ghost.
Badtown's ghost is severely damaged.
Badtown's ghost hits you.
You die...

###...# .....#
#....###
#.......
#....#.#
#####.... .#
........##.## #
......W@....#
#..####.#....##
#.......##.#.#
##<....#.#
#####.#.# #.#.#
#.#.# #.#.#
#.#.#


You could see badtown's ghost.

Vanquished Creatures
  3 adders
  An ooze (D:1)
  2 worms
  5 dart slugs
  3 leopard geckos
  11 bats
  A giant cockroach (D:3)
  5 goblins
  5 hobgoblins
  4 jackals (D:1)
  A quokka (D:3)
  4 frilled lizards
  3 kobolds
  13 rats
61 creatures vanquished.

Notes
Turn   | Place    | Note
-------+----------+-------------------------------------------
     0 | D:1      | polly the Gargoyle Fighter began the quest for the Orb.
     0 | D:1      | Reached XP level 1. HP: 14/14 MP: 1/1
    68 | D:1      | Reached XP level 2. HP: 12/19 MP: 2/2
   163 | D:1      | Reached XP level 3. HP: 20/24 MP: 3/3
   900 | D:2      | Found a sparkling altar of Nemelex Xobeh.
  1218 | D:2      | Reached XP level 4. HP: 29/29 MP: 4/4
  1927 | D:3      | Found a shadowy altar of Dithmenos.
  2212 | D:4      | Noticed badtown's ghost (amateur OpNe)
  2241 | D:4      | Slain by badtown's ghost

Vault maps used:
D:1:      matt_arrival_refuge
D:2:      nemelex_xobeh_ov_fountains_minmay
D:3:      lemuel_round_altar
D:4:      okawaru_ov_weapons_minmay, portal_sewer_entry_f, first_bread,
          fedhas_altar_3

Skill      XL: |  1  2  3  4 |
---------------+-------------+-----
Shields        | 4 |  4.2
Fighting       | 4 |  4.1
Maces & Flails | 3 |  3.1
Armour         | |  3.5
Dodging        | |  0.5

Action                   |  1- 3 |  4- 6 || total
-------------------------+-------+-------++-------
Melee: Flail             |   175 |    91 ||   266
  Use: Potion            |       |     2 ||     2
  Eat: Chunk             |     1 |     3 ||     4
Armor: Scale mail        |   111 |    10 ||   121
       Chain mail        |       |    34 ||    34
Dodge: Dodged            |    52 |    19 ||    71
Block: Shield            |   111 |    43 ||   154
